 Dungeon Crawl Stone Soup version 0.19.0-17-g07987d3 (webtiles) character file.

50 bombpersons the Ducker (level 3, -4/16 HPs)
             Began as a Spriggan Conjurer on Nov 10, 2016.
             Killed from afar by Sigmund (7 damage)
             ... with a magic dart
             ... on level 2 of the Dungeon.
             The game lasted 00:13:22 (1938 turns).

bombpersons the Ducker (Spriggan Conjurer)          Turns: 1938, Time: 00:13:23

Health: -4/16      AC:  3    Str:  4    XL:     3   Next: 55%
Magic:  3/9        EV: 19    Int: 17    God:
Gold:   82         SH:  0    Dex: 16    Spells: 2 memorised, 6 levels left

rFire  . . .     SeeInvis +     f - +1 mace (protect)
rCold  . . .     Gourm    .     a - +1 robe
rNeg   . . .     Faith    .     (shield restricted)
rPois  .         Spirit   .     (helmet restricted)
rElec  .         Reflect  .     (no cloak)
rCorr  .         Harm     .     (gloves unavailable)
MR     .....                    (boots unavailable)
Stlth  +.........               (no amulet)
                                (no ring)
                                (no ring)

@: confused, very quick
A: unfitting armour, see invisible, herbivore 3, speed 3, slow metabolism 2
a: no special abilities


You were on level 2 of the Dungeon.
You were not hungry.

You visited 1 branch of the dungeon, and saw 2 of its levels.

You collected 82 gold pieces.

Inventory:

Hand Weapons
 f - a +1 mace of protection (weapon)
Armour
 a - a +1 robe (worn)
Jewellery
 g - an uncursed amulet of harm
Scrolls
 j - a scroll of enchant weapon {unknown}
Potions
 d - a potion of degeneration {unknown}
 e - 2 potions of curing {unknown}
 h - 2 potions of heal wounds {unknown}
 i - a potion of agility {unknown}
 k - a potion of brilliance {unknown}
 l - a potion of resistance {unknown}
Books
 b - a book of Conjurations

   Spells                             Type                      Level
   a - Magic Dart                     Conjuration                  1
   b - Searing Ray                    Conjuration                  2
   c - Dazzling Spray                 Conjuration/Hexes            3
   d - Fulminant Prism                Conjuration/Hexes            4
   e - Iskenderun's Mystic Blast      Conjuration                  4
   f - Iskenderun's Battlesphere      Conjuration/Charms           5
Comestibles
 c - 2 bread rations


   Skills:
 + Level 3.9 Dodging
 - Level 3.0 Stealth
 * Level 3.8 Spellcasting
 * Level 3.3 Conjurations


You had 6 spell levels left.
You knew the following spells:

 Your Spells              Type           Power        Failure   Level  Hunger
a - Magic Dart            Conj           ##..         4%          1    None
b - Searing Ray           Conj           ##....       10%         2    ##.....


Dungeon Overview and Level Annotations

Branches:
Dungeon (2/15)

Altars:

Annotations:
D:2 Sigmund


Innate Abilities, Weirdness & Mutations

You are very small and have problems with some larger weapons.
You are too small for most types of armour.
You have supernaturally acute eyesight. (SInv)
You are a herbivore.
You cover ground extremely quickly.
You need consume almost no food.


Message History

Aim: Sigmund, wielding a scythe and wearing a robe (almost dead)
The magic dart hits Sigmund.
Sigmund is almost dead.
Sigmund points at you and mumbles some strange words.
You are confused.
You're too confused to cast spells.
You're too confused!
Unknown command.
You're too confused to cast spells.
You're too confused!
You bump into the rock wall.
You bump into the rock wall.
Sigmund gestures at you while chanting. The magic dart hits you!
* * * LOW HITPOINT WARNING * * *
You're too confused to cast spells.
You're too confused!
Sigmund casts a spell at you. The magic dart hits you!
You die...

#. ...#. #. #(...
#.## ##..#. #####
#..###..... #...#
##.....#..#
#...####..........
#รท..##..........@.
#.................
##@...#####..###...
#....## #...#...##
#....# ###.#...###
#[@..# #.......#
####....###.##....#
##..................
#..............# ###
....(......###.###.
..# ....##########.#
#.####..


You could see Sigmund.

Vanquished Creatures
  An adder (D:2)
  An ooze (D:1)
  2 leopard geckos
  6 bats
  A giant cockroach (D:2)
  3 goblins (D:1)
  4 hobgoblins (D:1)
  3 jackals (D:1)
  7 kobolds
  2 frilled lizards
  3 rats
33 creatures vanquished.

Notes
Turn   | Place    | Note
-------+----------+-------------------------------------------
     0 | D:1      | bombpersons the Spriggan Conjurer began the quest for the Orb.
     0 | D:1      | Reached XP level 1. HP: 9/9 MP: 5/5
   248 | D:1      | Reached XP level 2. HP: 13/13 MP: 0/6
   808 | D:1      | Reached XP level 3. HP: 16/16 MP: 1/8
  1431 | D:2      | Learned a level 2 spell: Searing Ray
  1803 | D:2      | Noticed Sigmund
  1938 | D:2      | Killed from afar by Sigmund

Skill      XL: |  1  2 |
---------------+-------+-----
Conjurations   | 3 |  3.3
Spellcasting   | 3 |  3.8
Dodging        | |  3.9
Stealth        | |  3.0

Action                   || total
-------------------------++-------
Melee: Mace              ||    30
       Short sword       ||     1
 Cast: Magic Dart        ||    55
       Searing Ray       ||     5
  Use: Scroll            ||     2
Armor: Robe              ||    16
Dodge: Dodged            ||    75
